 Dungeon Crawl Stone Soup version 0.29.0-4-gdea44cf6ec (webtiles) character file.

Game seed: 5744309325765731300

39 qw the Sneak (level 3, -4/23 HPs)
             Began as a Gargoyle Delver on Sept 10, 2022.
             Slain by a gnoll
             ... wielding a +0 flail
              (8 damage)
             ... on level 1 of the Dungeon.
             The game lasted 00:00:30 (1189 turns).

qw the Sneak (Gargoyle Delver)                      Turns: 1189, Time: 00:00:30

Health: -4/23      AC:  6    Str: 17    XL:     3   Next: 47%
Magic:  3/3        EV:  7    Int: 10    God:
Gold:   74         SH: 11    Dex: 11    Spells: 2/2 levels left

rFire   . . .      SeeInvis .   Y - +0 hand axe
rCold   . . .      Faith    .   a - +0 tower shield
rNeg    + . .      Spirit   .   b - +0 leather armour
rPois   inf        Reflect  .   (no helmet)
rElec   +          Harm     .   (no cloak)
rCorr   .          Rampage  .   (no gloves)
Will    .....                   (no boots)
Stlth   +++.......              (no amulet)
HPRegen 0.07/turn               (no ring)
MPRegen 0.08/turn               (no ring)

@: no status effects
A: sickness immunity, AC +3, negative energy resistance 1, electricity
resistance, torment resistance 1, petrification resistance
a: no special abilities


You were on level 1 of the Dungeon.
You visited 1 branch of the dungeon, and saw 5 of its levels.

You collected 74 gold pieces.


Innate Abilities, Weirdness & Mutations

You are immune to sickness and miasma.
Your stone body is resilient. (AC +3)
You are immune to poison.
You resist negative energy. (rN+)
You are resistant to electric shocks. (rElec)
You are resistant to unholy torment.
You are immune to petrification.


   Skills:
 - Level 3.2 Fighting
 - Level 3.0 Axes
 - Level 1.5 Dodging
 - Level 5.4 Stealth
 + Level 1.7 Shields


You had 2 spell levels left.
You didn't know any spells.
Your spell library was empty.

Inventory:

Hand Weapons
 d - a +0 club
 Y - a +0 hand axe (weapon)
Missiles
 i - 4 boomerangs (quivered)
Armour
 a - a +0 tower shield (worn)
 b - a +0 leather armour (worn)
 e - a +3 chain mail
Wands
 g - a wand of digging (3)
Scrolls
 j - a scroll of blinking {unknown}
Potions
 c - 2 potions of degeneration {unknown}
 f - a potion of haste
 h - a potion of brilliance {unknown}

Dungeon Overview and Level Annotations

Branches:
Dungeon (5/15)
 Temple: D:4-7

Altars:

Shops:
D:1 [


Message History

The gnoll shouts!
You hear a shout!
Throw: 4 boomerangs
Press: ? - help, Q - select action Shift-Dir - straight line, f - gnoll Your line of fire to the gnoll is blocked by a plant.
Throw: 4 boomerangs
Press: ? - help, Q - select action Shift-Dir - straight line, f/p - gnoll Your line of fire to the gnoll is blocked by a plant.
A hobgoblin comes into view.
Throw: 4 boomerangs
Press: ? - help, Q - select action Shift-Dir - straight line, f/p - gnoll You throw a boomerang.
The boomerang completely misses the gnoll.
The boomerang hits the plant.
The plant begins to die.
The plant is lightly damaged.
Throw: 4 boomerangs
Press: ? - help, Q - select action Shift-Dir - straight line, f/p - gnoll You throw a boomerang.
The boomerang hits the gnoll.
The gnoll is lightly wounded.
A kobold comes into view. It is wielding a +0 short sword.
The kobold shouts!
You slash the gnoll!
The gnoll is severely wounded.
A nearby plant withers and dies.
The gnoll hits you with a +0 flail! You block the gnoll's attack.
You closely miss the gnoll.
The gnoll is severely wounded.
You block the gnoll's attack.
You closely miss the gnoll.
The gnoll is severely wounded.
You block the gnoll's attack. The gnoll hits you with a +0 flail.
You hit the gnoll.
The gnoll is almost dead.
The gnoll hits you with a +0 flail!
You barely miss the gnoll.
The gnoll is almost dead.
The gnoll barely misses you. You block the gnoll's attack.
You barely miss the gnoll.
The gnoll is almost dead.
The gnoll hits you with a +0 flail!
You die... ..P.....P..# #...PP..P..# .P....PP..# # P.PP.PP.# # P..P... ### Kg..

..# #####g#
#.##########....@#
#...........(#####
.........#####
#.......##
#.......#
####..### ####.##
)....# #.##.#


You could see a gnoll, a hobgoblin and a kobold.

Vanquished Creatures
  An adder (D:2)
  An orc (D:4)
  2 bats (D:1)
  2 endoplasms (D:1)
  5 goblins
  7 jackals
  3 ball pythons
  2 frilled lizards (D:1)
  2 rats (D:1)
25 creatures vanquished.

Vanquished Creatures (others)
  A fungus (D:1)
  A plant (D:1)
2 creatures vanquished.

Grand Total: 27 creatures vanquished

Notes
Turn   | Place    | Note
-------+----------+-------------------------------------------
     0 | D:5      | qw the Gargoyle Delver began the quest for the Orb.
     0 | D:5      | Reached XP level 1. HP: 14/14 MP: 1/1
     0 | D:5      | 0 ||| qw: Version: 0.1-a-116-g5d60599
     0 | D:5      | 0 ||| qw: Game counter: 8614
     0 | D:5      | 0 ||| qw: Always use a shield: true
     0 | D:5      | 0 ||| qw: God list: Okawaru
     0 | D:5      | 0 ||| qw: Allow faded altars: false
     0 | D:5      | 0 ||| qw: Do Orc after D:15 true
     0 | D:5      | 0 ||| qw: Do second Lair branch before Depths: true
     0 | D:5      | 0 ||| qw: Lair rune preference: random
     0 | D:5      | 0 ||| qw: Plans: Normal
     0 | D:5      | 0 ||| PLANNING D:1-11
     0 | D:5      | 0 ||| DROPPING scroll of fog.
     1 | D:5      | 1 ||| DROPPING scroll of magic mapping.
     2 | D:5      | 2 ||| DROPPING scroll of fear.
    36 | D:4      | 36 ||| Stepping ~*~*~tactically~*~*~ (stealth).
    51 | D:4      | 51 ||| READING scroll labelled PUQABBIAN ITAO.
   138 | D:2      | Reached XP level 2. HP: 19/19 MP: 2/2
   187 | D:2      | Reached skill level 3 in Axes
   338 | D:2      | 338 ||| UPGRADING to +0 tower shield.
   343 | D:2      | 343 ||| READING scroll labelled XOGGOMERAF.
   400 | D:1      | Reached XP level 3. HP: 7/23 MP: 3/3
   651 | D:1      | Found a faded altar of an unknown god.
   688 | D:1      | 688 ||| Stepping ~*~*~tactically~*~*~ (stealth).
   692 | D:1      | 692 ||| Stepping ~*~*~tactically~*~*~ (stealth).
   699 | D:1      | Reached skill level 1 in Shields
   867 | D:1      | 867 ||| Stepping ~*~*~tactically~*~*~ (stealth).
   869 | D:1      | 869 ||| Stepping ~*~*~tactically~*~*~ (stealth).
   870 | D:1      | Found Xagelom's Antique Armour Shoppe.
   891 | D:1      | 891 ||| SHOPLISTING plate armour (529 gold, have 41).
   891 | D:1      | 891 ||| SHOPLISTING ring mail (92 gold, have 41).
   891 | D:1      | 891 ||| SHOPLISTING runed chain mail (172 gold, have 41).
  1004 | D:1      | 1004 ||| Stepping ~*~*~tactically~*~*~ (stealth).
  1061 | D:1      | 1061 ||| Stepping ~*~*~tactically~*~*~ (stealth).
  1187 | D:1      | HP: 4/23 [gnoll/+0 flail (11)]
  1189 | D:1      | Slain by a gnoll

Levels and vault maps discovered:
D:1:      lightli_arrival_boilingwater, layout_basic,
          shapermc_ecumenical_altar_ellora, serial_shops, shop,
          nicolae_grassy_gnolls
D:2:      layout_rooms, uniq_terence
D:3:      layout_rooms, bloody_makhleb, mainiacjoe_overflow_catch_the_wave,
          uniq_sigmund
D:4:      nicolae_cairo_tiling_large, layout_loops_ring, serial_rivers,
          chequers_serial_rivers_small_a, chequers_serial_rivers_large_a,
          chequers_serial_rivers_room_b, chequers_serial_rivers_micro_a,
          lightli_corner_chamber
D:5:      kennysheep_six_static_rooms, layout_basic, jmf_multi_god_temple,
          minmay_lizard_king

Skill      XL: |  1  2  3 |
---------------+----------+-----
Axes           | 2 3 |  3.0
Shields        | 1 |  1.7
Fighting       | |  3.2
Dodging        | |  1.5
Stealth        | |  5.4

Action                   || total
-------------------------++-------
Melee: Hand axe          ||    95
Throw: Boomerang         ||     5
  Use: Scroll            ||     2
 Stab: Sleeping          ||     1
Armor: Leather armour    ||    57
Dodge: Dodged            ||    53
Block: Tower shield      ||    45

Table legend:
 A = Non-vault XP
 B = Vault XP
 C = Vault XP percentage of total XP
 D = Non-vault monster count
 E = Vault monster count
 F = Vault count percentage of total count
                 A         B        C        D         E       F
            +---------+---------+-------+---------+---------+-------
      Total |      57 |       0 |   0.0 |      25 |       0 |   0.0
            +---------+---------+-------+---------+---------+-------
        D:1 |      27 |       0 |   0.0 |      16 |       0 |   0.0
        D:2 |      23 |       0 |   0.0 |       6 |       0 |   0.0
        D:3 |       2 |       0 |   0.0 |       1 |       0 |   0.0
        D:4 |       5 |       0 |   0.0 |       2 |       0 |   0.0
            +---------+---------+-------+---------+---------+-------
